 Dungeon Crawl Stone Soup version 0.23.2-33-g5129a83184 (webtiles) character file.

Game seed: 4813125246409529077

215 Exodus22XD the Chopper (level 5, -3/47 HPs)
             Began as a Minotaur Berserker on July 2, 2019.
             Was a Believer of Trog.
             Killed by nerve-wracking pain
             ... invoked by Grinder
              (7 damage)
             ... on level 3 of the Dungeon.
             The game lasted 00:06:27 (2246 turns).

Exodus22XD the Chopper (Minotaur Berserker)         Turns: 2246, Time: 00:06:30

Health: -3/47      AC:  9    Str: 22    XL:     5   Next: 60%
Magic:  4/4        EV:  8    Int:  9    God:    Trog [**....]
Gold:   155        SH:  0    Dex: 10    Spells: 4/4 levels left

rFire    + . .     SeeInvis .   a - +0 hand axe
rCold    x . .     Gourm    .   l - +0 buckler
rNeg     . . .     Faith    .   q - +0 chain mail
rPois    .         Spirit   .   (helmet restricted)
rElec    .         Reflect  .   (no cloak)
rCorr    .         Harm     .   (no gloves)
MR       .....                  (no boots)
Stlth    ..........             (no amulet)
HPRegen  0.15/turn              m - ring of fire
MPRegen  0.09/turn              (no ring)

@: confused, brilliant, berserk cooldown, slowed, very slow
A: retaliatory headbutt, horns 2
a: Berserk, Trog's Hand, Renounce Religion


You were on level 3 of the Dungeon.
You worshipped Trog.
Trog was pleased with you.
You were very hungry.

You visited 1 branch of the dungeon, and saw 3 of its levels.

You collected 155 gold pieces.

Inventory:

Hand Weapons
 a - a +0 hand axe (weapon)
Armour
 l - a +0 buckler (worn)
 q - a +0 chain mail (worn)
Jewellery
 m - a ring of fire (left hand)
Scrolls
 e - a scroll of amnesia {unknown}
 h - 3 scrolls of identify {unknown}
 k - 2 scrolls of remove curse {unknown}
 n - a scroll of enchant weapon {unknown}
 o - a scroll of fog {unknown}
Potions
 d - a potion of might {unknown}
 f - a potion of brilliance
 g - a potion of cancellation {unknown}
 i - a potion of heal wounds {unknown}
 j - a potion of ambrosia
 r - a potion of flight {unknown}
Comestibles
 c - 5 rations
 p - 7 chunks of flesh


   Skills:
 + Level 4.6 Fighting
 + Level 6.0 Axes
 + Level 3.5 Armour
 + Level 3.0 Dodging
 + Level 0.4 Shields


You had 4 spell levels left.
You didn't know any spells.
Your spell library was empty.

Dungeon Overview and Level Annotations

Branches:
Dungeon (3/15)

Altars:

Annotations:
D:3 Grinder


Innate Abilities, Weirdness & Mutations

You reflexively headbutt those who attack you in melee.
You have a pair of horns on your head.


Message History

Unknown command.
As you read the scroll labeled JIOWUDDUDAPA, it crumbles to dust.
You assume a fearsome visage.
Grinder is unaffected.
It was a scroll of fear.
Grinder barely misses you.
It was a potion of brilliance.
You feel clever all of a sudden. Grinder hits you but does no damage.
Grinder gestures at you. You resist with significant effort.
It was a potion of ambrosia.
You are confused.
You feel invigorated. Grinder closely misses you.
Grinder says, "I used to sell toenails on the black market."
Grinder hits you!
* * * LOW HITPOINT WARNING * * *
You writhe in agony.
* * * LOW HITPOINT WARNING * * *
Grinder gestures at you. Pain shoots through your body!
You die...

#......#.##.#..........#
#......#.##.#..........#
#........##.#..>.....###
#......####.#........#
#......# #.#........#
#......# #.##########
###֠....####.###
................########
.##.............@5......
...............>....####
.############.....#.# .#
###...# .# .# #...# ..
.######## ##..# #.
........##...# #...
.............# ##...
........##...# #..#.#


You could see Grinder.

Vanquished Creatures
  A wyvern zombie (D:2)
  Terence (D:3)
  Robin (D:3)
  4 gnolls (D:2)
  An adder (D:2)
  An ooze (D:2)
  2 worms (D:2)
  A dart slug (D:1)
  A leopard gecko (D:3)
  3 bats
  4 giant cockroaches (D:2)
  13 goblins
  9 hobgoblins
  5 kobolds
  A quokka (D:3)
  4 frilled lizards
  9 rats
61 creatures vanquished.

Notes
Turn   | Place    | Note
-------+----------+-------------------------------------------
     0 | D:1      | Exodus22XD the Minotaur Berserker began the quest for the
                  | Orb.
     0 | D:1      | Reached XP level 1. HP: 19/19 MP: 0/0
    98 | D:1      | Reached XP level 2. HP: 18/27 MP: 1/1
   102 | D:1      | Reached skill level 4 in Axes
   429 | D:1      | Reached ** piety under Trog
   692 | D:2      | Reached XP level 3. HP: 32/33 MP: 2/2
  1049 | D:2      | HP: 1/33 [worm (2)]
  1500 | D:2      | Reached XP level 4. HP: 19/41 MP: 3/3
  1503 | D:2      | Reached skill level 5 in Axes
  1824 | D:2      | Reached XP level 5. HP: 33/47 MP: 4/4
  1954 | D:3      | Noticed Robin
  1968 | D:3      | Killed Robin
  2137 | D:3      | Noticed Terence
  2144 | D:3      | Killed Terence
  2144 | D:3      | Reached skill level 6 in Axes
  2219 | D:3      | Noticed Grinder
  2228 | D:3      | Paralysed by Grinder for 3 turns
  2239 | D:3      | Paralysed by Grinder for 2 turns
  2242 | D:3      | HP: 2/47 [Grinder/nerve-wracking pain (1)]
  2246 | D:3      | Killed from afar by Grinder

Skill      XL: |  1  2  3  4  5 |
---------------+----------------+-----
Axes           | 4 5 6 |  6.0
Fighting       | 4 |  4.6
Armour         | 3 |  3.5
Dodging        | 3 |  3.0
Shields        | |  0.4

Action                   |  1- 3 |  4- 6 || total
-------------------------+-------+-------++-------
Melee: Hand axe          |    84 |    59 ||   143
       Headbutt          |    14 |    12 ||    26
Invok: Berserk           |     2 |     3 ||     5
  Use: Potion            |       |     2 ||     2
       Scroll            |       |     1 ||     1
  Eat: Chunk             |     2 |     6 ||     8
Armor: Leather armour    |    13 |     4 ||    17
       Animal skin       |     1 |       ||     1
       Chain mail        |       |     7 ||     7
Dodge: Dodged            |    41 |    29 ||    70
Block: Buckler           |     1 |    11 ||    12
